Map: Dusk Towers

Players

Snute

  • Race: Zerg Zerg

Guru - Winner!

  • Race: Zerg Zerg

Event: DreamHack Open Tours WCS Spring Championship

VOD

Have the link to the VOD?

Description

Time

  • Played on: May 14, 2016, 4:54 a.m.
  • Length: 13:32

All games in this series

Show
View Real Time Build Order
Export as new Build Order

Snute Zerg 

Build Orders: Hatch First 

Get SALT Encoding   

  12  0:00  Drone  
  13  0:12  Overlord  
  13  0:16  Drone  
  14  0:30  Drone x2  
  14  0:34  Drone  
  17  0:51  Hatchery  
  17  0:54  Drone  
  17  1:08  Spawning Pool  
  17  1:09  Drone  
  17  1:14  Drone, Extractor  
  17  1:18  Drone  
  18  1:27  Drone  
  19  1:38  Overlord  
  19  1:49  Drone  
  20  1:54  Queen  
  20  1:58  Baneling Nest  
  20  2:00  Zergling x2  
  22  2:02  Queen  
  22  2:04  Drone  
  25  2:10  Drone  
  25  2:14  Drone  
  27  2:21  Zergling x2  
  28  2:24  Drone  
  29  2:36  Drone  
  30  2:38  Hatchery  
  30  2:40  Drone  
  30  2:45  Overlord  
  30  2:54  Drone  
  30  2:55  Drone  
  30  2:57  Drone  
  33  3:05  Queen  
  35  3:10  Drone x2  
  35  3:11  Drone  
  37  3:14  Drone  
  37  3:17  Drone  
  37  3:19  Drone  
  40  3:20  Drone  
  40  3:22  Drone  
  40  3:23  Drone  
  43  3:28  Drone  
  43  3:30  Overlord  
  43  3:33  Lair  
  44  3:37  Extractor  
  44  3:39  Overlord, Extractor x2  
  41  3:42  Drone  
  41  3:48  Drone x3  
  45  3:50  Drone  
  46  3:56  Roach Warren, Drone  
  46  3:58  Drone  
  46  3:59  Drone  
  48  4:03  Drone  
  48  4:04  Drone  
  48  4:06  Drone  
  48  4:08  Drone  
  52  4:10  Drone  
  52  4:12  Drone  
  52  4:14  Drone  
  52  4:16  Drone  
  56  4:18  Drone  
  56  4:20  Drone  
  56  4:22  Drone  
  59  4:26  Drone x2  
  61  4:31  Overlord  
  61  4:35  Glial Reconstitution  
  61  4:38  Overlord  
  60  4:40  Roach x2  
  64  4:46  Overseer  
  64  4:47  Overlord x2  
  64  4:51  Roach x2  
  64  4:52  Roach  
  70  4:57  Roach x3  
  70  4:59  Roach  
  78  5:04  Roach x2  
  78  5:05  Roach  
  84  5:10  Roach x2  
  84  5:12  Overlord  
  84  5:13  Overlord  
  88  5:15  Roach  
  88  5:19  Roach x2  
  94  5:24  Roach x2  
  94  5:28  Overlord x2  
  98  5:30  Overlord  
  98  5:33  Ravager x3  
  98  5:34  Ravager x3  
  106  5:35  Roach  
  106  5:39  Roach x2  
  110  5:43  Roach x2  
  110  5:47  Roach x2  
  118  5:51  Roach x2  
  122  6:00  Extractor  
  122  6:01  Drone x5, Extractor  
  122  6:02  Drone x2  
  122  6:03  Drone x3  
  130  6:09  Spire  
  130  6:10  Drone  
  131  6:11  Drone  
  131  6:14  Overlord  
  131  6:15  Drone  
  131  6:17  Drone x2  
  134  6:24  Overlord  
  124  6:33  Roach  
  124  6:34  Roach x7  
  114  6:48  Overlord  
  114  6:51  Roach x4  
  114  6:52  Roach x3  
  120  7:00  Spine Crawler  
  117  7:02  Spine Crawler  
  117  7:03  Roach x4  
  124  7:12  Spine Crawler  
  123  7:21  Mutalisk x3  
  123  7:22  Mutalisk  
  131  7:25  Mutalisk  
  131  7:27  Hatchery  
  132  7:31  Drone x2  
  132  7:35  Spore Crawler  
  132  7:36  Mutalisk  
  135  7:38  Mutalisk  
  135  7:41  Roach x2  
  141  7:45  Roach x2  
  141  7:46  Roach  
  141  7:48  Evolution Chamber  
  146  7:53  Roach  
  146  7:54  Roach x4  
  156  8:00  Roach x2  
  156  8:03  Overlord x2  
  160  8:18  Roach x4  
  159  8:23  Mutalisk  
  159  8:24  Mutalisk x2  
  152  8:33  Mutalisk  
  152  8:36  Drone x5  
  152  8:37  Drone  
  152  8:38  Mutalisk  
  160  8:44  Mutalisk  
  160  8:47  Drone x7  
  166  8:54  Mutalisk  
  168  9:03  Mutalisk x2  
  168  9:05  Drone x5  
  168  9:06  Drone x2  
  179  9:10  Extractor  
  179  9:14  Extractor  
  177  9:17  Mutalisk x2  
  177  9:21  Mutalisk  
  177  9:23  Overlord x3  
  183  9:29  Overlord  
  183  9:35  Zerg Missile Weapons Level 1  
  183  9:42  Spine Crawler  
  183  9:43  Spine Crawler  
  183  9:44  Spine Crawler, Mutalisk x2  
  183  9:45  Spine Crawler  
  183  9:47  Spine Crawler  
  183  9:48  Spine Crawler  
  183  9:49  Zerg Flyer Weapons Level 1  
  183  9:51  Mutalisk x2  
  185  9:56  Mutalisk  
  187  10:06  Mutalisk x2  
  173  10:10  Mutalisk  
  173  10:11  Drone x3  
  173  10:12  Drone x4  
  173  10:14  Mutalisk  
  184  10:22  Mutalisk  
  184  10:24  Mutalisk  
  183  10:37  Mutalisk x3  
  183  10:40  Roach x2  
  163  10:44  Roach x3  
  163  10:45  Roach  
  163  10:48  Roach x3  
  154  10:55  Roach  
  156  11:00  Roach  
  156  11:01  Roach x2  
  162  11:05  Hatchery  
  162  11:09  Evolution Chamber  
  162  11:11  Roach x4  
  168  11:13  Centrifical Hooks  
  168  11:18  Drone x4  
  172  11:26  Ravager x5  
  172  11:29  Ravager  
  172  11:31  Metabolic Boost  
  178  11:33  Roach  
  178  11:38  Roach x3  
  178  11:39  Roach  
  164  11:51  Roach x7  
  164  11:52  Roach x2  
  148  12:04  Drone x3  
  148  12:08  Ravager  
  152  12:13  Ravager  
  152  12:14  Ravager  
  158  12:15  Roach x2  
  158  12:16  Roach  
  158  12:22  Roach x4  
  168  12:33  Roach x8  
  182  12:49  Roach  
  182  12:50  Roach x9  
  164  12:54  Roach x2  
  164  12:58  Roach x2  
  143  13:01  Roach  
  143  13:02  Roach  
Show
View Real Time Build Order
Export as new Build Order

Guru Zerg - Winner!

Build Orders: Hatch First 

Get SALT Encoding   

  12  0:01  Drone  
  13  0:12  Overlord  
  13  0:18  Drone  
  14  0:31  Drone x2  
  14  0:35  Drone  
  17  0:52  Hatchery  
  17  0:54  Drone  
  17  1:07  Spawning Pool  
  17  1:10  Extractor  
  15  1:12  Drone  
  15  1:15  Drone  
  17  1:20  Drone  
  18  1:28  Drone  
  19  1:54  Queen, Zergling x2  
  19  1:55  Overlord  
  22  2:03  Queen  
  22  2:04  Drone x2  
  26  2:12  Drone  
  26  2:14  Drone  
  28  2:31  Hatchery  
  27  2:37  Queen  
  27  2:39  Drone x2  
  31  2:46  Queen  
  33  2:55  Overlord  
  33  2:59  Drone x2  
  33  3:01  Drone  
  36  3:12  Overlord  
  36  3:13  Drone  
  36  3:14  Drone x3  
  36  3:19  Drone x2  
  42  3:22  Drone  
  43  3:30  Lair  
  43  3:33  Drone x2  
  44  3:39  Roach Warren  
  43  3:42  Evolution Chamber  
  43  3:44  Drone  
  43  3:47  Drone  
  43  3:48  Drone  
  45  3:49  Drone  
  45  3:53  Drone x2  
  48  3:56  Pneumatized Carapace  
  48  4:00  Drone x2  
  50  4:04  Overlord  
  50  4:06  Extractor x2  
  50  4:09  Zerg Missile Weapons Level 1  
  48  4:10  Drone  
  48  4:11  Drone  
  48  4:14  Drone  
  51  4:17  Queen  
  51  4:20  Overlord  
  51  4:22  Drone  
  54  4:27  Glial Reconstitution  
  54  4:29  Drone  
  55  4:32  Overlord  
  55  4:36  Overlord  
  55  4:44  Drone  
  56  4:46  Drone x4  
  56  4:47  Drone  
  56  4:48  Drone  
  56  4:49  Drone x4  
  66  5:01  Overseer  
  66  5:02  Roach  
  66  5:03  Roach x4  
  66  5:06  Overlord  
  76  5:08  Roach  
  76  5:11  Roach  
  76  5:12  Roach  
  76  5:14  Roach  
  84  5:16  Roach  
  84  5:17  Roach  
  88  5:21  Overlord  
  88  5:25  Extractor, Drone  
  88  5:26  Drone x3  
  91  5:29  Drone  
  91  5:31  Drone, Extractor  
  91  5:32  Drone x3  
  91  5:33  Drone  
  96  5:43  Hatchery  
  96  5:44  Roach x3  
  96  5:46  Roach  
  96  5:48  Roach  
  105  5:55  Overlord  
  105  5:56  Overlord  
  105  6:02  Overlord  
  105  6:04  Overlord  
  105  6:08  Ravager  
  105  6:09  Overlord  
  105  6:10  Zerg Missile Weapons Level 2  
  106  6:14  Roach x4  
  106  6:15  Ravager x3  
  106  6:17  Roach  
  119  6:19  Roach  
  119  6:21  Roach  
  113  6:36  Roach x2  
  105  6:41  Roach x2  
  105  6:44  Roach x2  
  105  6:45  Roach x2  
  105  6:49  Roach x2  
  105  6:51  Roach  
  105  6:52  Roach  
  105  6:53  Roach x5  
  105  6:54  Queen x2  
  119  6:57  Roach  
  119  6:58  Roach  
  119  6:59  Roach  
  129  7:07  Extractor, Drone  
  129  7:08  Drone x3  
  132  7:20  Queen  
  134  7:25  Roach x6  
  134  7:26  Spire, Overlord  
  134  7:29  Overlord  
  145  7:33  Hatchery  
  145  7:35  Roach  
  145  7:36  Overlord  
  146  7:37  Overlord  
  146  7:42  Overlord  
  146  7:46  Roach x3  
  146  7:47  Roach  
  154  7:51  Roach  
  154  7:52  Roach x3  
  154  7:57  Hydralisk Den  
  162  7:58  Queen x2  
  162  7:59  Overlord  
  162  8:03  Overlord  
  162  8:04  Overlord  
  166  8:06  Roach x2  
  166  8:10  Roach x2  
  166  8:11  Roach  
  166  8:12  Roach  
  175  8:24  Roach x5  
  175  8:25  Roach x2  
  187  8:29  Roach x2  
  187  8:32  Hydralisk  
  187  8:33  Hydralisk  
  187  8:35  Hydralisk  
  187  8:37  Hydralisk  
  181  8:42  Spore Crawler  
  181  8:45  Zerg Ground Armor Level 1  
  181  8:46  Hydralisk  
  176  8:50  Spore Crawler  
  176  8:51  Spore Crawler  
  170  8:56  Hydralisk x2  
  170  8:58  Ravager  
  170  8:59  Ravager  
  170  9:01  Drone x2  
  178  9:03  Drone x2  
  178  9:06  Drone x2  
  178  9:09  Drone x2  
  184  9:13  Spore Crawler  
  184  9:14  Drone x2  
  184  9:15  Drone x2  
  187  9:18  Hydralisk  
  187  9:23  Hydralisk x2  
  193  9:28  Drone  
  193  9:29  Drone x2  
  196  9:32  Lurker Den  
  196  9:33  Hydralisk  
  196  9:34  Hydralisk  
  196  9:37  Overlord  
  200  9:50  Hydralisk  
  200  9:51  Hydralisk x2  
  200  9:55  Hatchery  
  199  10:03  Hydralisk x3  
  193  10:07  Hydralisk x3  
  199  10:35  Hydralisk x5  
  191  10:36  Hydralisk x2  
  191  10:38  Hydralisk x7  
  191  10:39  Hydralisk x3  
  191  10:40  Hydralisk x3  
  191  10:42  Roach x2  
  196  10:43  Roach  
  196  10:48  Roach x2  
  172  10:51  Hydralisk  
  154  10:57  Zerg Ground Armor Level 2  
  154  10:58  Roach  
  154  11:01  Extractor  
  154  11:02  Drone x3  
  154  11:03  Roach x3  
  160  11:04  Roach  
  162  11:14  Muscular Augments  
  162  11:17  Roach x2  
  166  11:21  Roach  
  166  11:22  Roach x2  
  166  11:23  Roach  
  176  11:25  Roach  
  176  11:26  Roach  
  176  11:29  Drone x3, Extractor  
  176  11:30  Spore Crawler, Roach x2  
  176  11:31  Roach, Drone  
  186  11:33  Spore Crawler  
  186  11:35  Roach x3  
  186  11:36  Roach  
  186  11:38  Roach  
  186  11:39  Roach  
  177  11:49  Roach x4  
  177  11:51  Hydralisk x3  
  167  11:55  Roach x2  
  167  11:56  Roach x2  
  167  12:00  Roach  
  177  12:02  Drone x2  
  177  12:03  Roach  
  177  12:05  Roach  
  183  12:10  Roach  
  183  12:13  Roach x3  
  191  12:16  Roach  
  191  12:20  Roach  
  193  12:31  Roach x3  
  197  12:48  Roach x4  
  197  12:50  Hydralisk x3  
  197  12:51  Hydralisk  
  185  12:58  Hydralisk  
  185  12:59  Hydralisk x4  
  185  13:05  Roach x2  

Tags
 
Add a new tag
Caveats
  • Supply blocks, unpowered buildings, or Contaminate may cause inaccurate times.
  • Supply counts are checked every 10 seconds.